 Dungeon Crawl Stone Soup version 0.24-a0-779-g36f0aeb843 (webtiles) character file.

Game seed: 11128037288455989453, levelgen mode: deterministic

30356 Johnny the Geomancer (level 12, -2/105 HPs)
             Began as a Demigod Earth Elementalist on Oct 8, 2019.
             Slain by a white ugly thing (5 damage)
             ... on level 13 of the Dungeon.
             The game lasted 00:24:38 (15273 turns).

Johnny the Geomancer (Demigod Earth Elementalist)  Turns: 15273, Time: 00:24:38

Health: -2/105     AC: 18    Str: 13    XL:     12   Next: 90%
Magic:  6/29       EV: 18    Int: 27    God:
Gold:   369        SH:  0    Dex: 16    Spells: 15/28 levels left

rFire    . . .     SeeInvis .   l - +7 rapier (speed)
rCold    . . .     Gourm    .   (no shield)
rNeg     . . .     Faith    .   H - +1 troll leather armour
rPois    .         Spirit   .   U - +2 helmet "Vattenkoe" {Str+2}
rElec    .         Reflect  .   D - +2 cloak {MR+}
rCorr    .         Harm     .   e - +0 pair of gloves
MR       ++...                  p - +2 pair of boots {run}
Stlth    ++........             (no amulet)
HPRegen  0.67/turn              I - +3 ring of protection
MPRegen  0.21/turn              y - +4 ring of slaying

@: quick
A: high mp 1
a: no special abilities


You were on level 13 of the Dungeon.
You were hungry.

You visited 1 branch of the dungeon, and saw 14 of its levels.
You also visited: Ossuary.

You collected 798 gold pieces.
You spent 429 gold pieces at shops.

Inventory:

Hand Weapons
 l - a +7 rapier of speed (weapon)
Missiles
 b - 67 stones (quivered)
Armour
 e - a +0 pair of gloves (worn)
 p - a +2 pair of boots of running (worn)
 A - a +1 robe of positive energy
 D - a +2 cloak of magic resistance (worn)
 H - a +1 troll leather armour (worn)
 U - the +2 helmet "Vattenkoe" (worn) {Str+2}
   (You found it on level 12 of the Dungeon)

   It affects your strength (+2).
Magical Staves
 o - an uncursed staff of death {unknown}
 K - an uncursed staff of poison {unknown}
Jewellery
 v - an uncursed ring of positive energy
 y - a +4 ring of slaying (right hand)
 C - an uncursed ring of protection from cold
 I - a +3 ring of protection (left hand)
 N - an uncursed ring of magical power {unknown}
 O - a +3 ring of dexterity {unknown}
 R - a +3 ring of strength {unknown}
Wands
 k - a wand of iceblast (5)
 q - a wand of random effects (14)
 M - a wand of flame (17)
 P - a wand of disintegration (13)
 Q - a wand of digging (5)
Scrolls
 a - 9 scrolls of remove curse
 c - a scroll of silence
 f - 3 scrolls of immolation
 n - 3 scrolls of teleportation
 t - 5 scrolls of amnesia
 u - 2 scrolls of noise
 w - 5 scrolls of fog
 x - 4 scrolls of fear
 F - a scroll of blinking
 G - 2 scrolls of vulnerability
 J - 3 scrolls of magic mapping
 S - a scroll of random uselessness {unknown}
Potions
 g - 2 potions of brilliance
 h - a potion of berserk rage
 i - 5 potions of curing
 j - 6 potions of lignification
 m - 3 potions of degeneration
 r - 3 potions of heal wounds
 s - 2 potions of might
 B - 2 potions of resistance
 E - a potion of agility {unknown}
 L - a potion of haste
Comestibles
 d - 20 rations


   Skills:
 + Level 9.4 Fighting
 + Level 9.6 Dodging
 - Level 1.7 Stealth
 + Level 8.9 Spellcasting
 - Level 0.8 Transmutations
 * Level 13.2 Earth Magic


You had 15 spell levels left.
You knew the following spells:

 Your Spells              Type           Power        Failure   Level  Hunger
a - Sandblast             Erth           ######       1%          1    None
b - Stone Arrow           Conj/Erth      #####.       1%          3    None
c - Lee's Rapid Deconstr  Erth           ######....   1%          5    ####...
d - Petrify               Tmut/Erth      ######..     3%          4    #......

Your spell library contained the following spells:

 Spells                   Type           Power        Failure   Level  Hunger
 Passwall                 Tmut/Erth      ######..     1%          2    None
 Summon Ice Beast         Ice/Summ       ##......     52%         4    #......
 Throw Icicle             Conj/Ice       ##......     52%         4    #......
 Bolt of Cold             Conj/Ice       ##........   100%        6    ######.
 Invisibility             Hex            ##......     100%        6    ######.


Dungeon Overview and Level Annotations

Branches:
Dungeon (14/15)            Temple (0/1) D:4            Lair (0/6) D:9
    Orc (0/2) D:9          Vaults (0/5) D:13        Ossuary (visited)

Shops:
D:5 *   D:7 :   D:8 =[*%}

Portals:
Trove: D:12 (give +6 demon whip)

Annotations:
D:12 exclusion: orange crystal statue


Innate Abilities, Weirdness & Mutations

You have an increased reservoir of magic. (+10% MP)


Message History

The white ugly thing headbutts you. The white ugly thing freezes you!!
Casting: Sandblast (safe; 1% risk of failure)
Confirm with . or Enter, or press ? or * to list all spells.
Aiming: Sandblast (safe; 1% risk of failure)
Press: ? - help, Shift-Dir - straight line, f/p - white ugly thing
Aim: a white ugly thing (severely wounded)
The blast of sand hits the white ugly thing.
The white ugly thing is almost dead.
b - 67 stones The white ugly thing headbutts you!
The white ugly thing freezes you!!
* * * LOW HITPOINT WARNING * * *
Casting: Sandblast (safe; 1% risk of failure)
Confirm with . or Enter, or press ? or * to list all spells.
Aiming: Stone Arrow (safe; 1% risk of failure)
Press: ? - help, Shift-Dir - straight line, f/p - white ugly thing
Aim: a white ugly thing (almost dead)
The stone arrow hits the white ugly thing!
The white ugly thing is almost dead.
The white ugly thing headbutts you.
You die...

...........#####..####........###
...........# #..# #........#
...........# #..# #........#
...........#####..# #........#
..................####........#
..............................#
...........#####..............###
...........# #..####...........
...........# #@u# #...........
...........#####..# #........###
..................####........#
.................>............#
..............................#
#########..........<..........# #
#...............####..### #
#........<......# #.....
#########...............# #.....


You could see a white ugly thing.

Vanquished Creatures
  Jorgrun (D:12)
  Kirke (D:12)
  Nessos (D:12)
  3 vault guards (D:13)
  A centaur warrior (D:13)
  2 two-headed ogres (D:12)
  Pikel (D:6)
  2 cyclopes
  The ghost of MalarOregon the Chiller, a novice DrIE of Gozag (D:6)
  4 ugly things
  A komodo dragon (D:10)
  3 meliai (D:13)
  3 trolls
  A hornet (D:11)
  11 slime creatures
  Prince Ribbit (D:7)
  5 hippogriffs
  A meliai zombie (D:13)
  Sigmund (D:6)
  2 wraiths
  10 yaks
  A shadow (D:12)
  A vampire (D:10)
  A wyvern (D:11)
  Eustachio (D:4)
  3 hungry ghosts
  5 hogs (D:12)
  2 steam dragons (D:11)
  3 vampire mosquitoes (D:12)
  2 wargs (D:9)
  Edmund (D:4)
  2 water moccasins
  Duvessa (D:7)
  An acid dragon (D:12)
  2 orc warriors
  2 ice beasts
  3 sky beasts
  A slave (D:6)
  A black bear (D:6)
  A necrophage (D:11)
  5 phantoms
  3 ogres
  7 centaurs
  A crocodile (D:12)
  2 elf zombies (Ossuary)
  2 big kobolds
  7 bullfrogs
  Dowan (D:7)
  6 scorpions
  6 killer bees (D:8)
  9 wights
  2 howler monkeys
  4 crimson imps
  6 centaur zombies
  5 jellies
  7 hounds
  Crazy Yiuf (D:6)
  8 orc priests
  5 centaur skeletons
  4 iguanas
  11 orc wizards
  9 worker ants
  A big kobold zombie (Ossuary)
  2 mummies (Ossuary)
  11 gnolls
  17 adders
  2 shadow imps (D:7)
  5 oozes (D:12)
  3 adder zombies
  3 adder skeletons
  2 worms
  3 dart slugs
  3 leopard geckos
  32 orcs
  3 ball pythons
  A bat (D:1)
  7 giant cockroaches
  3 goblins
  8 hobgoblins
  8 jackals
  2 quokkas (D:3)
  6 frilled lizards
  A goblin zombie (Ossuary)
  11 hobgoblin zombies (Ossuary)
  9 kobolds
  10 kobold zombies (Ossuary)
  5 orc zombies (Ossuary)
  12 rats
  2 rat zombies (Ossuary)
  A fungus (D:6)
374 creatures vanquished.

Vanquished Creatures (collateral kills)
  5 vault guards (D:13)
5 creatures vanquished.

Vanquished Creatures (others)
  A wraith (D:12)
  3 electric eels (D:12)
  A crimson imp (D:12)
5 creatures vanquished.

Grand Total: 384 creatures vanquished

Notes
Turn   | Place    | Note
-------+----------+-------------------------------------------
     0 | D:1      | Johnny the Demigod Earth Elementalist began the quest for
                  | the Orb.
     0 | D:1      | Reached XP level 1. HP: 14/14 MP: 5/5
   557 | D:1      | Reached skill level 3 in Earth Magic
   557 | D:1      | Reached XP level 2. HP: 17/22 MP: 7/7
   713 | D:1      | Identified a +1 pair of boots of running (You found it on
                  | level 1 of the Dungeon)
   780 | D:2      | Found a shimmering altar of Xom.
   999 | D:2      | Reached skill level 1 in Fighting
   999 | D:2      | Reached XP level 3. HP: 22/28 MP: 6/8
  1592 | D:2      | Noticed a sky beast
  1602 | D:2      | Killed a sky beast
  1602 | D:2      | Reached XP level 4. HP: 35/35 MP: 2/10
  1746 | D:3      | Reached skill level 4 in Earth Magic
  1843 | D:3      | Found an iron altar of Okawaru.
  2097 | D:3      | Reached XP level 5. HP: 41/41 MP: 11/11
  2939 | D:4      | Found a sand-covered staircase.
  2975 | Ossuary  | Entered an ossuary
  3334 | Ossuary  | Reached XP level 6. HP: 40/50 MP: 2/13
  3584 | Ossuary  | Reached skill level 5 in Earth Magic
  4005 | D:4      | Reached XP level 7. HP: 53/56 MP: 15/15
  4042 | D:4      | Noticed Eustachio
  4058 | D:4      | Killed Eustachio
  4187 | D:4      | Found a staircase to the Ecumenical Temple.
  4332 | D:4      | Noticed Edmund
  4349 | D:4      | Killed Edmund
  4464 | D:4      | Found a sacrificial altar of Ru.
  4704 | D:5      | Entered Level 5 of the Dungeon
  4779 | D:5      | Found a shadowy altar of Dithmenos.
  4782 | D:5      | Found Fof Ynwe's General Store.
  4828 | D:5      | Reached skill level 6 in Earth Magic
  4846 | D:5      | Identified the Almanac of Enthralling Cold
  5610 | D:6      | Noticed Sigmund
  5621 | D:6      | Reached XP level 8. HP: 54/66 MP: 13/17
  5860 | D:6      | Killed Sigmund
  5957 | D:6      | Reached skill level 7 in Earth Magic
  6298 | D:6      | Reached skill level 5 in Dodging
  6321 | D:6      | Noticed Pikel
  6336 | D:6      | Killed Pikel
  6336 | D:6      | Reached XP level 9. HP: 45/73 MP: 14/20
  6551 | D:5      | Found a radiant altar of Vehumet.
  6602 | D:6      | Found a runed translucent door.
  6604 | D:6      | Noticed MalarOregon's ghost (novice DrIE)
  6692 | D:6      | Learned a level 3 spell: Stone Arrow
  6698 | D:6      | Learned a level 5 spell: Lee's Rapid Deconstruction
  6703 | D:6      | Learned a level 4 spell: Petrify
  7039 | D:6      | Found a runed translucent door.
  7040 | D:6      | Noticed Crazy Yiuf
  7045 | D:6      | Killed Crazy Yiuf
  7045 | D:6      | Reached skill level 5 in Fighting
  7045 | D:6      | Reached skill level 5 in Spellcasting
  7168 | D:7      | Noticed Duvessa
  7168 | D:7      | Noticed Dowan
  7175 | D:7      | Killed Duvessa
  7175 | D:7      | Reached skill level 8 in Earth Magic
  7179 | D:7      | Killed Dowan
  7420 | D:7      | Noticed Prince Ribbit
  7466 | D:7      | Killed Prince Ribbit
  7499 | D:7      | Found Waaff's Book Shop.
  8002 | D:8      | Found Bakk's Jewellery Shop.
  8024 | D:8      | Found Vatsofra's Armour Shoppe.
  8105 | D:8      | Reached skill level 9 in Earth Magic
  8699 | D:8      | Found Cubbaan's Food Emporium.
  8704 | D:8      | Found Atubax's Gadget Shoppe.
  8728 | D:8      | Reached XP level 10. HP: 75/83 MP: 22/22
  8816 | D:8      | Found Hohe's General Store.
  8840 | D:8      | Bought a scroll of magic mapping for 42 gold pieces
  8840 | D:8      | Bought a scroll of identify for 24 gold pieces
  8840 | D:8      | Bought a potion of haste for 120 gold pieces
  8840 | D:8      | Bought a scroll of identify for 24 gold pieces
  8840 | D:8      | Bought a scroll of summoning for 114 gold pieces
  9038 | D:5      | Bought a scroll of enchant armour for 105 gold pieces
  9140 | D:6      | Killed MalarOregon's ghost
  9305 | D:9      | Found a staircase to the Orcish Mines.
  9333 | D:9      | Found a staircase to the Lair.
  9628 | D:9      | Found a white marble altar of Elyvilon.
  9903 | D:9      | Found a burning altar of Makhleb.
 10007 | D:10     | Entered Level 10 of the Dungeon
 10088 | D:10     | Reached skill level 10 in Earth Magic
 11206 | D:11     | Noticed a green ugly thing
 11214 | D:11     | Killed a green ugly thing
 11587 | D:11     | Reached XP level 11. HP: 69/92 MP: 25/25
 11943 | D:12     | Found a portal to a secret trove of treasure.
 12169 | D:12     | Noticed a two-headed ogre
 12180 | D:12     | Killed a two-headed ogre
 12180 | D:12     | Reached skill level 11 in Earth Magic
 12478 | D:12     | Noticed a two-headed ogre
 12484 | D:12     | Killed a two-headed ogre
 12542 | D:12     | Noticed Jorgrun
 12678 | D:12     | Noticed Nessos
 12711 | D:12     | Killed Nessos
 12889 | D:12     | Noticed Kirke
 12896 | D:12     | Killed Kirke
 12938 | D:12     | Noticed an orange crystal statue
 13259 | D:12     | Reached skill level 12 in Earth Magic
 13419 | D:12     | Killed Jorgrun
 13419 | D:12     | Reached XP level 12. HP: 103/103 MP: 28/28
 13900 | D:13     | Noticed a vault guard
 13905 | D:13     | Noticed a vault guard
 13908 | D:13     | Noticed a vault guard
 13912 | D:13     | Noticed a vault guard
 13922 | D:13     | Found a gate to the Vaults.
 13924 | D:13     | Noticed a vault guard
 13941 | D:13     | Killed a vault guard
 13943 | D:13     | Noticed a vault guard
 13945 | D:13     | Killed a vault guard
 13954 | D:13     | Killed a vault guard
 13962 | D:13     | Killed a vault guard
 13967 | D:13     | Noticed a vault guard
 13969 | D:13     | Killed a vault guard
 13982 | D:13     | Killed a vault guard
 13985 | D:13     | Killed a vault guard
 14142 | D:13     | Noticed a centaur warrior
 14148 | D:13     | Killed a centaur warrior
 14159 | D:13     | Noticed a vault guard
 14196 | D:13     | Killed a vault guard
 14196 | D:13     | Reached skill level 13 in Earth Magic
 15045 | D:13     | Got a creamy pearl robe
 15137 | D:12     | Got a dazzling helmet
 15144 | D:12     | Identified the +2 helmet "Vattenkoe" {Str+2} (You found it
                  | on level 12 of the Dungeon)
 15154 | D:12     | Identified the +2 robe "Teobres" {MR+} (You found it on
                  | level 13 of the Dungeon)
 15272 | D:13     | HP: 2/105 [white ugly thing (34)]
 15273 | D:13     | Slain by a white ugly thing

Levels and vault maps discovered:
D:1:      saegor_arrival_simple_e, layout_loops_ring
D:2:      minmay_spotlight, layout_basic, xom_butterflies
D:3:      layout_loops_ring, okawaru_gym_becter, first_ration,
          patterned_corridor
D:4:      layout_basic, nicolae_ru_path_of_blood,
          nicolae_overflow_hidden_temple, minmay_temple_entry_glassed_door,
          enter_ossuary_1, uniq_eustachio, uniq_edmund
D:5:      lemuel_upstairs_altar, layout_cave_pods, old_standard_altar,
          serial_shops, nicolae_shop_stone
D:6:      layout_cave_pools, ebering_ghost_reflecting_pool,
          chequers_serial_rivers_room_a, minmay_door_square,
          minmay_misc_feat_roman, uniq_pikel, uniq_crazy_yiuf_cottage,
          uniq_sigmund
D:7:      layout_basic, serial_shops, kennysheep_mini_moat, uniq_duvessa,
          uniq_prince_ribbit1
D:8:      layout_basic, serial_shops, shop_fountains, shop, shop, shop, shop
D:9:      layout_cave_pods, lightli_temple_of_fire, elyvilon_altar_3,
          erik_lair_orcish_takeover, orc_0_dummy
D:10:     layout_basic
D:11:     layout_irregular_city
D:12:     layout_grid_maze, nicolae_trove_entry_crossroad,
          hangedman_little_slice_of_home, minivault_16,
          grunt_decor_mini_mirrors, minmay_misc_feat_doors,
          lemuel_freeze_loot_1, uniq_kirke, uniq_nessos, uniq_jorgrun
D:13:     layout_small_grid, erik_vaults_2
D:14:     layout_cave_pools

Skill      XL: |  1  2  3  4  5  6  7  8  9 10 11 12 |
---------------+-------------------------------------+-----
Dodging        | 2 3 4 5 6 7 8 9 |  9.6
Earth Magic    | 3 4 5 6 7 9 10 12 13 | 13.2
Spellcasting   | 2 3 4 5 6 8 |  8.9
Fighting       | 1 2 3 4 6 7 8 9 |  9.4
Stealth        | |  1.7
Transmutations | |  0.8

Action                   |  1- 3 |  4- 6 |  7- 9 | 10-12 || total
-------------------------+-------+-------+-------+-------++-------
Melee: Short sword       |    60 |    39 |       |       ||    99
       Rapier            |       |   212 |   232 |   541 ||   985
Throw: Stone             |       |       |     1 |       ||     1
 Cast: Sandblast         |    31 |    68 |    83 |    87 ||   269
       Lee's Rapid Decon |       |       |     4 |    46 ||    50
       Stone Arrow       |       |       |       |    21 ||    21
       Petrify           |       |       |       |     5 ||     5
Evoke: Wand              |       |       |    26 |     7 ||    33
  Use: Potion            |     2 |       |     1 |     9 ||    12
       Scroll            |       |     8 |    10 |    16 ||    34
 Stab: Sleeping          |     2 |     6 |       |     4 ||    12
       Distracted        |       |     1 |     1 |       ||     2
       Petrified         |       |       |       |     8 ||     8
  Eat: Chunk             |     1 |     5 |    10 |    16 ||    32
       Ration            |       |     1 |     2 |     4 ||     7
Armor: Robe              |    25 |    46 |    51 |       ||   122
       Troll leather arm |       |       |     1 |   160 ||   161
Dodge: Dodged            |    44 |   145 |   158 |   391 ||   738

Table legend:
 A = Non-vault XP
 B = Vault XP
 C = Vault XP percentage of total XP
 D = Non-vault monster count
 E = Vault monster count
 F = Vault count percentage of total count
                 A         B        C        D         E       F
            +---------+---------+-------+---------+---------+-------
      Total |   26922 |   16444 |  37.9 |     293 |      84 |  22.3
            +---------+---------+-------+---------+---------+-------
        D:1 |      19 |       0 |   0.0 |      11 |       0 |   0.0
        D:2 |     188 |       4 |   2.1 |      17 |       3 |  15.0
        D:3 |     104 |       0 |   0.0 |      27 |       0 |   0.0
        D:4 |     261 |     345 |  56.9 |      24 |       2 |   7.7
        D:5 |     302 |       0 |   0.0 |      11 |       0 |   0.0
        D:6 |    1148 |    1415 |  55.2 |      21 |       4 |  16.0
        D:7 |     629 |     486 |  43.6 |      17 |       3 |  15.0
        D:8 |    2025 |       0 |   0.0 |      32 |       0 |   0.0
        D:9 |     597 |     638 |  51.7 |       9 |       9 |  50.0
       D:10 |    2211 |       0 |   0.0 |      27 |       0 |   0.0
       D:11 |    2994 |       0 |   0.0 |      27 |       0 |   0.0
       D:12 |    9677 |    7821 |  44.7 |      37 |      17 |  31.5
       D:13 |    6767 |    5354 |  44.2 |      33 |       8 |  19.5
    Ossuary |       0 |     381 | 100.0 |       0 |      38 | 100.0
            +---------+---------+-------+---------+---------+-------
